 Dungeon Sprint DCSS version 0.28.0 (webtiles) character file.

Game seed: 3018617770231966120

802 boopmooplesden the Protected (level 7, -3/73 HPs)
             Began as a Minotaur Fighter on Feb 5, 2022.
             Slain by a neqoxec (10 damage)
             ... in the Dungeon (Sprint II: "The Violet Keep of Menkaure").
             The game lasted 00:00:54 (541 turns).

boopmooplesden the Protected (Minotaur Fighter)      Turns: 541, Time: 00:00:54

Health: -3/73      AC:  9    Str: 20    XL:     7   Next: 59%
Magic:  6/6        EV: 10    Int:  5    God:
Gold:   729        SH:  6    Dex: 10    Spells: 6/6 levels left

rFire   . . .      SeeInvis .   a - +0 war axe
rCold   . . .      Faith    .   c - +0 buckler
rNeg    . . .      Spirit   .   b - +0 scale mail
rPois   .          Reflect  .   (helmet restricted)
rElec   .          Harm     .   (no cloak)
rCorr   .          Rampage  .   (no gloves)
Will    .....      NoTele   +   (no boots)
Stlth   ..........              (no amulet)
HPRegen 0.22/turn               (no ring)
MPRegen 0.10/turn               (no ring)

@: no status effects
A: horns 2, retaliatory headbutt, deterioration 1, weak 1
a: no special abilities


You were in the Dungeon.
You visited 1 branch You collected 729 gold pieces.

Inventory:

Hand Weapons
 a - a +0 war axe (weapon)
Armour
 b - a +0 scale mail (worn)
 c - a +0 buckler (worn)
Scrolls
 j - a scroll of blinking
Potions
 d - a potion of might
 e - a potion of curing
 f - a potion of heal wounds
 g - a potion of haste
 h - 2 potions of magic
 i - a potion of berserk rage


   Skills:
 + Level 10.4 Fighting
 + Level 10.3 Axes
 + Level 11.6 Armour
 + Level 0.9 Dodging
 + Level 10.0 Shields


You had 6 spell levels left.
You didn't know any spells.
Your spell library was empty.

Dungeon Overview and Level Annotations

Branches:
Dungeon (1/1)

Altars:

Annotations:
D exclusion: orange crystal statue


Innate Abilities, Weirdness & Mutations

You have a pair of horns on your head.
You reflexively headbutt those who attack you in melee.
Your body sometimes deteriorates upon taking damage.
You are weak. (Str -2)


Message History

You slash the neqoxec! Your headbutt misses the neqoxec.
The neqoxec is almost dead.
The neqoxec barely misses you. The neqoxec gestures at you.
Something tries to feed on your intellect!
You slash the neqoxec!
You kill the neqoxec!
You feel your intelligence returning.
Your Axes skill increases to level 10!
Your Shields skill increases to level 10!
You barely miss the neqoxec. You block the neqoxec's attack.
You completely miss the neqoxec. The neqoxec hits you!
* * * LOW HITPOINT WARNING * * *
You barely miss the neqoxec. You block the neqoxec's attack.
You slash the neqoxec! You headbutt the neqoxec.
The neqoxec is heavily wounded.
The neqoxec gestures at you.
Something tries to feed on your intellect!
You barely miss the neqoxec.
The neqoxec is heavily wounded.
The neqoxec hits you.
* * * LOW HITPOINT WARNING * * *
You slash the neqoxec! Your headbutt misses the neqoxec.
The neqoxec is almost dead.
The neqoxec hits you but does no damage.
You closely miss the neqoxec.
The neqoxec is almost dead.
The neqoxec gestures at you.
Strange energies course through your body.
You feel yourself wasting away. The neqoxec gestures at you.
Something tries to feed on your intellect!
You completely miss the neqoxec.
The neqoxec is almost dead.
The neqoxec hits you.
* * * LOW HITPOINT WARNING * * *
You barely miss the neqoxec. Your headbutt misses the neqoxec.
The neqoxec is almost dead.
The neqoxec hits you!
You die...

#≈≈#+++#+++##
≈≈≈.........#
#+# ###.### ##
#..#..# .#
##.#.#### .##
##†###.##..#
###.##...#..#
#3@<.'.##+..#
#3##.####.#....#
#. ##'###.#
......≈ #
#...### ≈....§≈
#..#).# ≈≈≈≈§.≈
##...## §≈≈≈≈§≈
##+## ≈§≈≈§≈≈
§§≈≈≈≈≈


You could see 2 neqoxecs.

Vanquished Creatures
  A merfolk siren (D)
  A neqoxec (D)
  A water moccasin (D)
  4 scorpions (D)
  3 worms (D)
10 creatures vanquished.

Notes
Turn   | Place    | Note
-------+----------+-------------------------------------------
     0 | D        | boopmooplesden the Minotaur Fighter began the quest for the
                  | Orb.
     0 | D        | Reached XP level 1. HP: 19/19 MP: 0/0
    12 | D        | Reached skill level 4 in Armour
   294 | D        | Noticed a water moccasin
   295 | D        | Reached XP level 2. HP: 26/28 MP: 1/1
   300 | D        | Killed a water moccasin
   301 | D        | Reached skill level 5 in Axes
   301 | D        | Reached skill level 7 in Armour
   301 | D        | Reached XP level 3. HP: 30/38 MP: 2/2
   301 | D        | Reached XP level 4. HP: 36/45 MP: 3/3
   310 | D        | Noticed a merfolk siren
   322 | D        | Killed a merfolk siren
   323 | D        | Reached skill level 10 in Armour
   323 | D        | Reached XP level 5. HP: 29/57 MP: 4/4
   323 | D        | Reached XP level 6. HP: 33/64 MP: 5/5
   490 | D        | Reached XP level 7. HP: 59/71 MP: 6/6
   493 | D        | Reached skill level 10 in Fighting
   493 | D        | Reached skill level 11 in Armour
   518 | D        | Noticed an orange crystal statue
   525 | D        | Noticed a neqoxec
   525 | D        | Noticed a neqoxec
   527 | D        | Noticed a neqoxec
   529 | D        | Gained mutation: You are weak. (Str -2) [a neqoxec]
   532 | D        | Killed a neqoxec
   533 | D        | Reached skill level 10 in Axes
   533 | D        | Reached skill level 10 in Shields
   539 | D        | Gained mutation: Your body sometimes deteriorates upon
                  | taking damage. [a neqoxec]
   541 | D        | Slain by a neqoxec

Illustrated notes

Levels and vault maps discovered:
D:        the_violet_keep_of_menkaure [sprint2_stairs_cluster_1,
          sprint2_shoproom, sprint2_temple, sprint2_basic_supplies,
          sprint2_obstacle_5, sprint2_obstacle_2, sprint2_obstacle_4,
          sprint2_obstacle_1, sprint2_obstacle_7, sprint2_timed_cluster_1,
          sprint2_smallroom_cluster_1, sprint2_smallroom_final_cluster_1,
          sprint2_transparent_cluster_1, sprint2_second_timed_cluster_1,
          sprint2_sniper_area_1, sprint2_heavy_combat_area_1,
          sprint2_mutation_trap_area_1, sprint2_forest_area_1,
          sprint2_light_combat_area_1, sprint2_behind_water_1,
          sprint2_near_end_vault_1]

Skill      XL: |  1  2  3  4  5  6  7 |
---------------+----------------------+-----
Fighting       | 4 6 9 10 | 10.4
Armour         | 4 7 10 11 | 11.6
Shields        | 4 6 8 9 10 | 10.0
Axes           | 3 5 8 9 10 | 10.3
Dodging        | |  0.9

Action                   |  1- 3 |  4- 6 |  7- 9 || total
-------------------------+-------+-------+-------++-------
Melee: War axe           |    17 |    20 |    34 ||    71
       Headbutt          |     5 |     2 |     3 ||    10
Armor: Scale mail        |     7 |     6 |     7 ||    20
Dodge: Dodged            |     5 |     3 |     7 ||    15
Block: Buckler           |     2 |     2 |     6 ||    10
